 Dungeon Crawl Stone Soup version 0.29.1-2-gbd0b4ee654 (webtiles) character file.

Game seed: 7005014858019991399

5282 boopmooplesden the Protected (level 10, -8/79 HPs)
             Began as a Minotaur Fighter on Nov 21, 2022.
             Was a Follower of Hepliaklqana.
             Killed from afar by Maurice (13 damage)
             ... with a puff of flame
             ... on level 9 of the Dungeon.
             The game lasted 00:11:22 (9672 turns).

boopmooplesden the Protected (Minotaur Fighter)     Turns: 9672, Time: 00:11:23

Health: -8/79      AC: 14    Str: 25    XL:     10   Next: 37%
Magic:  9/9        EV:  9    Int:  5    God:    Hepliaklqana [*.....]
Gold:   424        SH: 10    Dex: 10    Spells: 9/9 levels left

rFire   . . .      SeeInvis .   w - +0 eveningstar (venom)
rCold   . . .      Faith    .   c - +0 buckler
rNeg    . . .      Spirit   .   j - +0 chain mail
rPois   .          Reflect  +   (helmet restricted)
rElec   .          Harm     .   h - +1 cloak
rCorr   .          Rampage  .   (no gloves)
Will    .....                   (no boots)
Stlth   ..........              t - amulet of reflection
HPRegen 0.23/turn               k - ring of flight
MPRegen 0.11/turn               (no ring)

@: flying
A: reduced essence, horns 2, retaliatory headbutt
a: Renounce Religion, Recall Ancestor, Ancestor Identity


You were on level 9 of the Dungeon.
You worshipped Hepliaklqana.
Hepliaklqana was aware of your devotion.
You visited 2 branches of the dungeon, and saw 10 of its levels.
You also visited: Sewer.

You collected 424 gold pieces.

Inventory:

Hand Weapons
 a - a +0 flail of protection
 n - a +3 flail of protection
 w - a +0 eveningstar of venom (weapon)
 y - a +1 whip of freezing
 D - a +2 whip of distortion
Armour
 b - a +0 scale mail
 c - a +0 buckler (worn)
 d - a +0 troll leather armour {Pargi}
 h - a +1 cloak (worn)
 i - a scarf of harm
 j - a +0 chain mail (worn)
Jewellery
 k - a ring of flight (left hand)
 l - a ring of wizardry
 t - an amulet of reflection (around neck)
 G - a ring of see invisible
Wands
 x - a wand of paralysis (9)
 H - a wand of light (8)
Scrolls
 q - 2 scrolls of magic mapping
 r - 6 scrolls of identify
 z - 2 scrolls of teleportation
 B - a scroll of amnesia
 E - a scroll of acquirement
 I - 2 scrolls of enchant armour
Potions
 e - 3 potions of curing
 f - a potion of magic {unknown}
 g - 2 potions of invisibility {unknown}
 m - 4 potions of lignification
 o - 3 potions of haste
 p - 3 potions of flight
 s - 2 potions of might
 u - a potion of heal wounds
 v - 2 potions of mutation {unknown}
 A - a potion of attraction {unknown}
 C - a potion of degeneration {unknown}
 F - a potion of berserk rage {unknown}
 J - a potion of cancellation {unknown}


   Skills:
 + Level 8.1 Fighting
 + Level 11.0 Maces & Flails
 + Level 11.1 Armour
 + Level 3.3 Dodging
 + Level 1.5 Stealth
 + Level 7.5 Shields


You had 9 spell levels left.
You didn't know any spells.
Your spell library contained the following spells:

 Spells                   Type           Power      Damage    Failure   Level
 Dazzling Flash           Conj/Hex       0%         N/A       100%        3
 Iskenderun's Mystic Bla  Conj/Tloc      0%         2d3       100%        4
 Dispersal                Tloc           0%         N/A       100%        6
 Starburst                Conj/Fire      0%         6d3       100%        6
 Disjunction              Tloc           0%         N/A       100%        8


Dungeon Overview and Level Annotations

Branches:
Dungeon (9/15)             Temple (1/1) D:5             Orc (0/2) D:9
  Sewer (visited)
   Lair: D:8-11

Altars:
Ashenzari
Cheibriados
Dithmenos
Fedhas
Gozag
Hepliaklqana
Kikubaaqudgha
Qazlal
Ru
Sif Muna
Uskayaw
Vehumet
Wu Jian
Xom

Shops:
D:5 [   D:8 **   D:9 ([

Annotations:
D:9 Maurice


Innate Abilities, Weirdness & Mutations

Your life essence is reduced to manifest your ancestor. (-10% HP)
You have a pair of horns on your head.
You reflexively headbutt those who attack you in melee.


Message History

The shadow flickers and vanishes!
Deactivating autopickup; reactivate with Ctrl-A.
The hornet stings you but does no damage.
Okay, then.
As you read the scroll of teleportation, it crumbles to dust.
You feel strangely unstable.
An orc priest comes into view. It is wielding a +0 flail.
The hornet completely misses you. The hornet closely misses you.
The wyvern bites you!
* * * LOW HITPOINT WARNING * * *
The hornet attacks as you move away! The hornet stings you.
* * * LOW HITPOINT WARNING * * *
You feel yourself slow down.
Found a scroll of immolation.
The goblin hits something but does no damage.
Your surroundings suddenly seem different.
Found 48 gold pieces.
Found Jaxomiec's Armour Shop and Pokacw's Weapon Shop.
Found a staircase to the Orcish Mines.
You start resting.
You feel yourself speed up.
The sentinel's mark upon you fades away.
You see here 9 gold pieces.
You see here 16 gold pieces.
You start resting.
Maurice the Thief comes into view.
He is wielding a +0 short sword and carrying a wand of flame (4).
Busisiwe has departed this plane of existence.
Maurice shouts, "HAHA!"
You hear the faint creaking of a distant portcullis.
Found a white potion.
Maurice casts a spell.
Maurice puts on a burst of speed!
Found 22 gold pieces.
Maurice zaps a wand.
The puff of flame reflects off an invisible shield around you!
The puff of flame misses Maurice.
Maurice looks sneaky.
Maurice zaps a wand.
The puff of flame hits you!
* * * LOW HITPOINT WARNING * * *
Maurice zaps a wand.
The puff of flame hits you!
You die...

.. .. ...... ..
.. ..... #.
.##. .... ...
...#... ....
...$.#
....##....##
...........##
.......@##..#
........#...#
........#...#
####........#
..........#....
####......# ..
.....#....#
.....#.@..# ..
..###.....# ...


You could see Maurice (swift).

Vanquished Creatures
  A two-headed ogre (D:8)
  Pikel (D:6)
  Joseph (D:8)
  An unseen horror (D:8)
  A wyvern (D:8)
  6 yaks (D:8)
  3 water moccasins
  Duvessa (D:7)
  Pargi (D:3)
  2 ice beasts
  2 sky beasts
  A black bear (D:8)
  An ogre (D:5)
  A kobold brigand (D:7)
  A necrophage (D:8)
  A bullfrog (D:8)
  A scorpion (D:6)
  11 killer bees
  A howler monkey (D:4)
  2 electric eels (D:8)
  3 hounds
  2 gnoll boudas
  2 orc priests (D:7)
  Crazy Yiuf (D:4)
  An iguana (D:7)
  7 orc wizards
  5 adders
  8 gnolls
  A shadow imp (D:6)
  3 white imps
  5 ufetubi
  A worm (D:3)
  A dart slug (D:4)
  19 orcs
  8 endoplasms
  7 giant cockroaches
  6 goblins
  8 hobgoblins
  4 jackals (D:4)
  2 quokkas
  14 ball pythons
  4 bats
  7 frilled lizards
  11 kobolds
  5 rats
175 creatures vanquished.

Vanquished Creatures (collateral kills)
  Dowan (D:7)
  2 killer bees
  2 orcs
  A goblin (D:9)
  3 kobolds (D:7)
9 creatures vanquished.

Vanquished Creatures (others)
  4 ancestors
  A fungus (D:4)
  16 plants (D:4)
21 creatures vanquished.

Grand Total: 205 creatures vanquished

Notes
Turn   | Place    | Note
-------+----------+-------------------------------------------
     0 | D:1      | boopmooplesden the Minotaur Fighter began the quest for the
                  | Orb.
     0 | D:1      | Reached XP level 1. HP: 19/19 MP: 0/0
    30 | D:1      | Found a faded altar of an unknown god.
   464 | D:1      | Reached XP level 2. HP: 27/27 MP: 1/1
   806 | D:2      | Reached XP level 3. HP: 16/33 MP: 2/2
  1435 | D:2      | Identified the +0 plate armour of the Devil's Advocate
                  | {*Slow rN+ Int+7 SInv}
  1635 | D:2      | Identified the +0 chain mail of Benevolence {rElec rN+
                  | Will+}
  2220 | D:3      | Reached XP level 4. HP: 31/40 MP: 3/3
  2300 | D:3      | Reached skill level 5 in Armour
  2344 | D:3      | Reached XP level 5. HP: 17/47 MP: 4/4
  2355 | D:3      | Noticed Pargi
  2376 | D:3      | Killed Pargi
  2377 | D:3      | Reached skill level 1 in Dodging
  2548 | D:3      | Found a glowing drain.
  2568 | Sewer    | Entered a sewer
  2678 | Sewer    | Noticed a water moccasin
  2687 | Sewer    | Killed a water moccasin
  2688 | Sewer    | Reached skill level 5 in Fighting
  2688 | Sewer    | Reached skill level 5 in Maces & Flails
  2688 | Sewer    | Reached XP level 6. HP: 30/56 MP: 5/5
  4080 | D:4      | Found a runed translucent door.
  4081 | D:4      | Noticed Crazy Yiuf
  4503 | D:4      | Killed Crazy Yiuf
  4654 | D:5      | Entered Level 5 of the Dungeon
  4688 | D:5      | Reached XP level 7. HP: 30/61 MP: 6/6
  4996 | D:5      | Reached skill level 5 in Shields
  5261 | D:5      | Found a staircase to the Ecumenical Temple.
  5389 | Temple   | Entered the Ecumenical Temple
  5450 | Temple   | Became a worshipper of Hepliaklqana the Forgotten
  5698 | D:5      | Found Noallair's Armour Shop.
  6428 | D:6      | Reached XP level 8. HP: 69/69 MP: 7/7
  6602 | D:6      | Noticed Pikel
  6613 | D:6      | Killed Pikel
  6614 | D:6      | Reached * piety under Hepliaklqana
  6869 | D:6      | Found a blossoming altar of Fedhas.
  7435 | D:7      | Reached skill level 1 in Stealth
  7446 | D:7      | Reached XP level 9. HP: 69/70 MP: 8/8
  7920 | D:7      | Noticed Dowan
  7920 | D:7      | Noticed Duvessa
  7930 | D:7      | Killed Duvessa
  7930 | D:7      | Killed Dowan
  8184 | D:7      | Identified a scroll of acquirement
  8184 | D:7      | Acquired a +0 eveningstar of venom
  8244 | D:8      | Killed an unseen horror
  8277 | D:8      | Noticed a two-headed ogre
  8474 | D:8      | Noticed Joseph
  8482 | D:8      | Killed Joseph
  8599 | D:8      | Reached skill level 10 in Maces & Flails
  8605 | D:8      | Reached skill level 10 in Armour
  8613 | D:8      | Reached XP level 10. HP: 35/79 MP: 9/9
  8827 | D:8      | Killed a two-headed ogre
  9402 | D:8      | Found Acuwnom's General Store.
  9404 | D:8      | Found Yfynol's Specific Store.
  9650 | D:9      | Found a staircase to the Orcish Mines.
  9650 | D:9      | Found Jaxomiec's Armour Shop.
  9650 | D:9      | Found Pokacw's Weapon Shop.
  9659 | D:9      | Noticed Maurice
  9672 | D:9      | Killed from afar by Maurice

Illustrated notes

Levels and vault maps discovered:
D:1:      psy_arrival_heroes, layout_basic, ebering_ecumenical_altar_petrified
D:2:      layout_loops_corners, dk_vineyard_3, minmay_ruptured
D:3:      layout_basic, cheibrodos_sewer_entry_drain, uniq_pargi
D:4:      layout_basic, serial_bayou, serial_bayou_shore_a, serial_bayou_pond_a,
          serial_bayou_crossing, serial_bayou_lake_a, serial_bayou_shore_b,
          uniq_crazy_yiuf_cottage
D:5:      layout_loops_ring, minmay_temple_entry_tees, serial_shops, shop
D:6:      layout_basic, fedhas_altar_fruit_tree, uniq_pikel
D:7:      layout_loops_ring, uniq_duvessa
D:8:      layout_basic, nicolae_specific_store, nicolae_lava_and_water,
          uniq_joseph
D:9:      layout_basic, orc_david_3, enter_bailey_5, palyth_stone_intersect,
          corner_web_ring, nicolae_diode_stairs, uniq_maurice
Temple:   regret_index_temple_waves

Skill      XL: |  1  2  3  4  5  6  7  8  9 10 |
---------------+-------------------------------+-----
Fighting       | 4 5 6 7 8 |  8.1
Armour         | 4 5 6 7 8 10 11 | 11.1
Maces & Flails | 3 5 7 8 10 11 | 11.0
Dodging        | 1 2 3 |  3.3
Shields        | 4 5 7 |  7.5
Stealth        | 1 |  1.5

Action                   |  1- 3 |  4- 6 |  7- 9 | 10-12 || total
-------------------------+-------+-------+-------+-------++-------
Melee: Flail             |    91 |   121 |   179 |       ||   391
       Headbutt          |     9 |    22 |    36 |     5 ||    72
       Eveningstar       |       |       |    40 |    51 ||    91
  Use: Scroll            |     7 |       |    15 |     2 ||    24
       Potion            |     1 |     1 |       |     2 ||     4
 Stab: Distracted        |       |       |     1 |       ||     1
Armor: Scale mail        |    39 |       |       |       ||    39
       Chain mail        |    20 |    89 |   120 |    55 ||   284
Dodge: Dodged            |    30 |    74 |    91 |    44 ||   239
Block: Buckler           |    29 |    37 |    81 |    60 ||   207
       Reflection        |       |       |     2 |     2 ||     4
